PA
CHICAGO GOLD SOX @ CHICAGO TULA
07/10/2041
 
TOP OF THE 1ST
Chicago Gold Sox batting - Pitching for Chicago Tula : RHP Motka Vidyasov
Pitching: RHP Motka Vidyasov
Batting: LHB Doug Pollock 0-0: Called Strike
0-1: Bunt for hit to 23 - play at first, batter OUT! 3-4
Batting: RHB Niek Bendt 0-0: Swinging Strike
0-1: Swinging Strike
0-2: Ball
1-2: Ball
2-2: Strikes out swinging
Batting: RHB Coy MacKey 0-0: Called Strike
0-1: Foul Ball, location: 2F
0-2: Ground out 4-3 (Groundball, 4, EV 106.9 MPH)
Top of the 1st over - 0 runs, 0 hits, 0 errors, 0 left on base; Chicago 0 - Chicago 0
BOTTOM OF THE 1ST
Chicago Tula batting - Pitching for Chicago Gold Sox : LHP Jesús Crisotomo
Pitching: LHP Jesús Crisotomo
Batting: RHB José Salas 0-0: SINGLE (Line Drive, 4MD, EV 97.5 MPH)
Batting: RHB John Montgomery 0-0: Ball
José Salas is caught stealing 2nd base 2-4
1-0: Ball
2-0: Foul Ball, location: 2F
2-1: Ball
3-1: Called Strike
3-2: Foul Ball, location: 2F
3-2: Base on Balls
Batting: RHB Sergio Dávalos 0-0: Ball
1-0: Ball
2-0: Foul Ball, location: 2F
2-1: Foul Ball, location: 2F
2-2: 2-RUN HOME RUN (Flyball, 9LD, EV 106.2 MPH), Distance : 348 ft
Batting: RHB Esteban Rojas 0-0: Called Strike
0-1: Ball
1-1: Ball
2-1: Fly out, F8 (Flyball, 78D, EV 90.6 MPH)
Batting: RHB Guillermo Dettori 0-0: Swinging Strike
0-1: Ball
1-1: SINGLE (Line Drive, 5L, EV 94.4 MPH)
Batting: RHB Mike Badders 0-0: Ball
1-0: Called Strike
1-1: Ball
2-1: Ball
3-1: Swinging Strike
3-2: Foul Ball, location: 2F
3-2: Base on Balls
Guillermo Dettori to second
Batting: LHB Greg Rogers 0-0: Swinging Strike
0-1: Ball
1-1: Ball
2-1: Foul Ball, location: 9LSF, Error on foul ball, E9
2-2: Ball
3-2: Fly out, F8 (Line Drive, 8LD, EV 91.2 MPH)
Bottom of the 1st over - 2 runs, 3 hits, 1 error, 2 left on base; Chicago 0 - Chicago 2
TOP OF THE 2ND
Chicago Gold Sox batting - Pitching for Chicago Tula : RHP Motka Vidyasov
Batting: RHB Ron Ficco 0-0: Ball
1-0: SINGLE (Groundball, 6M, EV 101.2 MPH) (infield hit)
Batting: SHB Ralph Titus 0-0: Called Strike
0-1: Ball
1-1: Called Strike
1-2: Ground out 3-1 (Groundball, 3S, EV 91.2 MPH)
Ron Ficco to second
Batting: RHB José Rivera 0-0: Called Strike
0-1: Foul Ball, location: 2F
0-2: Strikes out swinging
Batting: RHB Mike O'Halloran 0-0: Ball
1-0: Foul Ball, location: 2F
1-1: Ball
2-1: Fly out, F8 (Flyball, 8LD, EV 81.2 MPH)
Top of the 2nd over - 0 runs, 1 hit, 0 errors, 1 left on base; Chicago 0 - Chicago 2
BOTTOM OF THE 2ND
Chicago Tula batting - Pitching for Chicago Gold Sox : LHP Jesús Crisotomo
Batting: LHB Carlos Díaz 0-0: Ball
1-0: Called Strike
1-1: Ball
2-1: Foul Ball, location: 2F
2-2: Ball
3-2: Foul Ball, location: 2F
3-2: SINGLE (Groundball, 4MD, EV 103.1 MPH)
Batting: RHB Jorge Díaz 0-0: Called Strike
0-1: Ball
1-1: Foul Ball, location: 2F
1-2: Ball
2-2: Ball
3-2: Fly out, F8 (Flyball, 8RS, EV 89.4 MPH)
Batting: RHB José Salas 0-0: Ball
1-0: Fly out, F4 (Popup, 3D, EV 68.1 MPH)
Batting: RHB John Montgomery 0-0: Called Strike
0-1: SINGLE (Groundball, 56D, EV 98.1 MPH)
Carlos Díaz to second
Batting: RHB Sergio Dávalos 0-0: Foul Ball, location: 2F
0-1: Ball
1-1: Called Strike
1-2: Ball
2-2: Fly out, F9 (Flyball, 9S, EV 78.1 MPH)
Bottom of the 2nd over - 0 runs, 2 hits, 0 errors, 2 left on base; Chicago 0 - Chicago 2
TOP OF THE 3RD
Chicago Gold Sox batting - Pitching for Chicago Tula : RHP Motka Vidyasov
Batting: LHB Brad Dyer 0-0: Called Strike
0-1: Swinging Strike
0-2: Ball
1-2: Ground out 6-3 (Groundball, 56, EV 85.6 MPH)
Batting: LHB Nathaniel Gordon 0-0: DOUBLE (Groundball, 5L, EV 100.0 MPH)
Batting: LHB Doug Pollock 0-0: Foul Ball, location: 2F
0-1: Foul Ball, location: 2F
0-2: Strikes out looking
Batting: RHB Niek Bendt 0-0: Called Strike
0-1: Fly out, F7 (Flyball, 7S, EV 80.6 MPH)
Top of the 3rd over - 0 runs, 1 hit, 0 errors, 1 left on base; Chicago 0 - Chicago 2
BOTTOM OF THE 3RD
Chicago Tula batting - Pitching for Chicago Gold Sox : LHP Jesús Crisotomo
Batting: RHB Esteban Rojas 0-0: Ball
1-0: Ball
2-0: Ground out 6-3 (Groundball, 6, EV 85.6 MPH)
Batting: RHB Guillermo Dettori 0-0: Ball
1-0: Ground out 6-3 (Groundball, 6, EV 93.1 MPH)
Batting: RHB Mike Badders 0-0: Ball
1-0: Called Strike
1-1: Called Strike
1-2: Ground out 6-3 (Groundball, 6, EV 91.2 MPH)
Bottom of the 3rd over - 0 runs, 0 hits, 0 errors, 0 left on base; Chicago 0 - Chicago 2
TOP OF THE 4TH
Chicago Gold Sox batting - Pitching for Chicago Tula : RHP Motka Vidyasov
Batting: RHB Coy MacKey 0-0: Ball
1-0: Ball
2-0: Called Strike
2-1: Swinging Strike
2-2: Strikes out looking
Batting: RHB Ron Ficco 0-0: Called Strike
0-1: Foul Ball, location: 2F
0-2: Ground out 5-3 (Groundball, 5L, EV 106.2 MPH)
Batting: SHB Ralph Titus 0-0: Ball
1-0: Foul Ball, location: 2F
1-1: Foul Ball, location: 2F
1-2: Ball
2-2: Foul Ball, location: 2F
2-2: SINGLE (Line Drive, 34D, EV 98.8 MPH)
Batting: RHB José Rivera 0-0: Called Strike
0-1: SINGLE (Line Drive, 9LS, EV 111.9 MPH)
Ralph Titus to second
Batting: RHB Mike O'Halloran 0-0: Foul Ball, location: 2F
0-1: Ball
1-1: Called Strike
1-2: Strikes out swinging
Top of the 4th over - 0 runs, 2 hits, 0 errors, 2 left on base; Chicago 0 - Chicago 2
BOTTOM OF THE 4TH
Chicago Tula batting - Pitching for Chicago Gold Sox : LHP Jesús Crisotomo
Batting: LHB Greg Rogers 0-0: Called Strike
0-1: SINGLE (Groundball, 34D, EV 105.0 MPH)
Batting: LHB Carlos Díaz 0-0: Ball
1-0: Swinging Strike
1-1: Ball
2-1: Fly out, F7 (Flyball, 7S, EV 93.8 MPH)
Batting: RHB Jorge Díaz 0-0: Ball
1-0: Foul Ball, location: 2F
1-1: Ball
2-1: Swinging Strike
2-2: Ball
3-2: Foul Ball, location: 2F
3-2: Base on Balls
Greg Rogers to second
Batting: RHB José Salas 0-0: Called Strike
Greg Rogers steals 3rd base
0-1: Ball
1-1: Called Strike
1-2: Fly out, F9 (Flyball, 89D, EV 89.4 MPH)
Runner from 3rd tags up, SCORES, throw by RF
Batting: RHB John Montgomery 0-0: Ball
1-0: Swinging Strike
1-1: Ball
2-1: Ball
3-1: Fly out, F9 (Flyball, 9S, EV 90.0 MPH)
Bottom of the 4th over - 1 run, 1 hit, 0 errors, 1 left on base; Chicago 0 - Chicago 3
TOP OF THE 5TH
Chicago Gold Sox batting - Pitching for Chicago Tula : RHP Motka Vidyasov
Batting: LHB Brad Dyer 0-0: Foul Ball, location: 2F
0-1: Ball
1-1: Called Strike
1-2: Ball
2-2: Strikes out swinging
Batting: LHB Nathaniel Gordon 0-0: Called Strike
0-1: Ball
1-1: Ball
2-1: Called Strike
2-2: SOLO HOME RUN (Flyball, 9D, EV 97.5 MPH), Distance : 362 ft
Batting: LHB Doug Pollock 0-0: Foul Ball, location: 2F
0-1: Ball
1-1: Ground out 6-3 (Groundball, 6, EV 84.4 MPH)
Batting: RHB Niek Bendt 0-0: Ball
1-0: Ball
2-0: Called Strike
2-1: Ball
3-1: Foul Ball, location: 2F
3-2: Strikes out swinging
Top of the 5th over - 1 run, 1 hit, 0 errors, 0 left on base; Chicago 1 - Chicago 3
BOTTOM OF THE 5TH
Chicago Tula batting - Pitching for Chicago Gold Sox : LHP Jesús Crisotomo
Batting: RHB Sergio Dávalos 0-0: Foul Ball, location: 2F
0-1: Foul Ball, location: 2F
0-2: Ball
1-2: Ball
2-2: Ball
3-2: Base on Balls
Batting: RHB Esteban Rojas 0-0: Ball
1-0: Ball
2-0: Ball
3-0: Called Strike
3-1: Called Strike
3-2: Strikes out swinging
Batting: RHB Guillermo Dettori 0-0: Ball
1-0: Foul Ball, location: 2F
1-1: Grounds into double play, 5-4-3 (Groundball, 56, EV 100.6 MPH)
Bottom of the 5th over - 0 runs, 0 hits, 0 errors, 0 left on base; Chicago 1 - Chicago 3
TOP OF THE 6TH
Chicago Gold Sox batting - Pitching for Chicago Tula : RHP Motka Vidyasov
Batting: RHB Coy MacKey 0-0: Foul Ball, location: 2F
0-1: Ball
1-1: SOLO HOME RUN (Flyball, 7D, EV 94.4 MPH), Distance : 359 ft
Batting: RHB Ron Ficco 0-0: Ball
1-0: Swinging Strike
1-1: Ball
2-1: Called Strike
2-2: Ground out 6-3 (Groundball, 6, EV 88.1 MPH)
Batting: SHB Ralph Titus 0-0: Ball
1-0: Foul Ball, location: 2F
1-1: Foul Ball, location: 2F
1-2: Fly out, F3 (Popup, 3SF, EV 86.2 MPH)
Batting: RHB José Rivera 0-0: Ball
1-0: Called Strike
1-1: Foul Ball, location: 2F
1-2: Ball
2-2: Fly out, F8 (Flyball, 8RXD, EV 103.1 MPH)
Top of the 6th over - 1 run, 1 hit, 0 errors, 0 left on base; Chicago 2 - Chicago 3
BOTTOM OF THE 6TH
Chicago Tula batting - Pitching for Chicago Gold Sox : LHP Jesús Crisotomo
Batting: RHB Mike Badders 0-0: Foul Ball, location: 2F
0-1: Swinging Strike
0-2: Foul Ball, location: 2F
0-2: Ball
1-2: TRIPLE (Flyball, 78XD, EV 99.4 MPH)
Batting: LHB Greg Rogers 0-0: Intentional Walk
Pitching: LHP Les Wright
Batting: LHB Carlos Díaz 0-0: Foul Ball, location: 2F
0-1: Ball
1-1: Fielders Choice at 2nd, 4-6 (Groundball, 4, EV 78.8 MPH)
Mike Badders scores
Batting: RHB Jorge Díaz 0-0: Ball
1-0: Fielders Choice at 2nd, 1-6 (Groundball, 34S, EV 89.4 MPH)
Batting: RHB José Salas 0-0: Ball
1-0: Ball
2-0: Called Strike
2-1: Ball
3-1: Base on Balls
Jorge Díaz to second
Batting: RHB John Montgomery 0-0: Called Strike
0-1: Ball
1-1: Swinging Strike
1-2: Ball
2-2: Ball
3-2: Strikes out looking
Bottom of the 6th over - 1 run, 1 hit, 0 errors, 2 left on base; Chicago 2 - Chicago 4
TOP OF THE 7TH
Chicago Gold Sox batting - Pitching for Chicago Tula : RHP Motka Vidyasov
Batting: RHB Mike O'Halloran 0-0: Foul Ball, location: 2F
0-1: Ball
1-1: Foul Ball, location: 2F
1-2: Ball
2-2: Strikes out swinging
Batting: LHB Brad Dyer 0-0: Swinging Strike
0-1: Ball
1-1: Called Strike
1-2: Ball
2-2: Ball
3-2: Foul Ball, location: 2F
3-2: Strikes out swinging
Batting: LHB Nathaniel Gordon 0-0: Ball
1-0: Called Strike
1-1: Foul Ball, location: 2F
1-2: Ball
2-2: Foul Ball, location: 2F
2-2: Ball
3-2: Strikes out swinging
Top of the 7th over - 0 runs, 0 hits, 0 errors, 0 left on base; Chicago 2 - Chicago 4
BOTTOM OF THE 7TH
Chicago Tula batting - Pitching for Chicago Gold Sox : LHP Les Wright
Batting: RHB Sergio Dávalos 0-0: Ball
1-0: Ball
2-0: Foul Ball, location: 2F
2-1: Ground out 6-3 (Groundball, 6, EV 106.2 MPH)
Batting: RHB Esteban Rojas 0-0: Ball
1-0: Called Strike
1-1: DOUBLE (Line Drive, 78M, EV 93.1 MPH)
Batting: RHB Guillermo Dettori 0-0: Foul Ball, location: 2F
0-1: Fly out, F3 (Popup, 3SF, EV 81.2 MPH)
Batting: RHB Mike Badders 0-0: Called Strike
0-1: Ground out 5-3 (Groundball, 56, EV 78.8 MPH)
Bottom of the 7th over - 0 runs, 1 hit, 0 errors, 1 left on base; Chicago 2 - Chicago 4
TOP OF THE 8TH
Chicago Gold Sox batting - Pitching for Chicago Tula : RHP Motka Vidyasov
Pitching: LHP Nick Ramey
Batting: LHB Doug Pollock 0-0: Called Strike
0-1: Swinging Strike
0-2: Ball
1-2: Strikes out swinging
Batting: RHB Niek Bendt 0-0: Ball
1-0: Swinging Strike
1-1: Ball
2-1: Foul Ball, location: 2F
2-2: Ball
3-2: Fly out, F7 (Flyball, 78M, EV 75.6 MPH)
Batting: RHB Coy MacKey 0-0: Ball
1-0: Foul Ball, location: 2F
1-1: Called Strike
1-2: Strikes out looking
Top of the 8th over - 0 runs, 0 hits, 0 errors, 0 left on base; Chicago 2 - Chicago 4
BOTTOM OF THE 8TH
Chicago Tula batting - Pitching for Chicago Gold Sox : LHP Les Wright
Batting: LHB Greg Rogers 0-0: Called Strike
0-1: Foul Ball, location: 2F
0-2: Foul Ball, location: 2F
0-2: Foul Ball, location: 2F
0-2: Fly out, F5 (Line Drive, 5, EV 74.4 MPH)
Batting: LHB Carlos Díaz 0-0: Ball
1-0: Swinging Strike
1-1: Ball
2-1: Called Strike
2-2: Ball
3-2: Base on Balls
Batting: RHB Jorge Díaz 0-0: Ball
1-0: Foul Ball, location: 2F
1-1: Foul Ball, location: 2F
1-2: Strikes out swinging
Batting: RHB José Salas 0-0: Ball
1-0: SINGLE (Groundball, 56D, EV 108.8 MPH)
Carlos Díaz to second
Batting: RHB John Montgomery 0-0: Ball
1-0: Foul Ball, location: 2F
1-1: Ball
2-1: Swinging Strike
2-2: Ball
3-2: SINGLE (Flyball, 89S, EV 93.8 MPH)
Carlos Díaz to third
José Salas to second
Carlos Díaz scores
José Salas to third
Batting: RHB Sergio Dávalos 0-0: Called Strike
0-1: Called Strike
0-2: Ball
1-2: Foul Ball, location: 2F
1-2: Strikes out swinging
Bottom of the 8th over - 1 run, 2 hits, 0 errors, 2 left on base; Chicago 2 - Chicago 5
TOP OF THE 9TH
Chicago Gold Sox batting - Pitching for Chicago Tula : LHP Nick Ramey
Pitching: RHP Edwin Perry
Batting: RHB Ron Ficco 0-0: Called Strike
0-1: Called Strike
0-2: Strikes out looking
Batting: SHB Ralph Titus 0-0: Foul Ball, location: 2F
0-1: Swinging Strike
0-2: Ground out U3 (Groundball, 3L, EV 83.8 MPH)
Batting: RHB José Rivera 0-0: Called Strike
0-1: Ball
1-1: Called Strike
1-2: Ball
2-2: Ball
3-2: Strikes out swinging
Top of the 9th over - 0 runs, 0 hits, 0 errors, 0 left on base; Chicago 2 - Chicago 5
Tuesday, January 5th, 2021 - OOTP Baseball 20.8 Build 74